 Dungeon Sprint DCSS version 0.21-a0-201-g8501b10 (webtiles) character file.

11 Kidiri the Magician (level 2, -14/16 HPs)
             Began as a Deep Elf Fire Elementalist on Aug 18, 2017.
             Was a Believer of Vehumet.
             Killed from afar by a deep elf mage (22 damage)
             ... with a bolt of magma
             ... in the Dungeon (Sprint VII: "The Pits").
             The game lasted 00:01:15 (199 turns).

Kidiri the Magician (Deep Elf Fire Elementalist)     Turns: 199, Time: 00:01:16

Health: -14/16     AC:  2    Str:  5    XL:     2   Next: 17%
Magic:  1/9        EV: 13    Int: 19    God:    Vehumet [**....]
Gold:   0          SH:  0    Dex: 15    Spells: 6/9 levels left

rFire    . . .     SeeInvis .   k - +2 dagger
rCold    . . .     Gourm    .   (no shield)
rNeg     . . .     Faith    .   a - +0 robe
rPois    .         Spirit   .   (no helmet)
rElec    .         Reflect  .   (no cloak)
rCorr    .         Harm     .   (no gloves)
MR       .....     NoTele   +   (no boots)
Stlth    ++........             (no amulet)
HPRegen  0.05/turn              (no ring)
MPRegen  0.11/turn              (no ring)

@: no status effects
A: no striking features
a: Renounce Religion


You were in the Dungeon.
You worshipped Vehumet.
Vehumet was pleased with you.
You were not hungry.

You visited 1 branch

Inventory:

Hand Weapons
 k - a +2 dagger (weapon)
Armour
 a - a +0 robe (worn)
Scrolls
 i - a scroll of blinking
 m - 3 scrolls of remove curse
 n - 5 scrolls of amnesia
 o - a scroll of summoning
Potions
 d - a potion of curing
 e - a potion of heal wounds
 f - a potion of haste
 g - 4 potions of magic
 h - 3 potions of berserk rage
 l - 2 potions of invisibility
Books
 b - a book of Flames

   Spells                             Type                      Level
   a - Flame Tongue                   Conjuration/Fire             1
   b - Throw Flame                    Conjuration/Fire             2
   c - Conjure Flame                  Conjuration/Fire             3
   d - Inner Flame                    Hexes/Fire                   3
   e - Sticky Flame                   Conjuration/Fire             4
   f - Fireball                       Conjuration/Fire             5
Comestibles
 c - 8 bread rations
 j - a chunk of flesh
 p - 40 fruits
 q - 7 meat rations


   Skills:
 + Level 0.8 Fighting
 + Level 1.2 Short Blades
 + Level 1.0 Armour
 + Level 3.2 Dodging
 - Level 2.4 Stealth
 * Level 4.0 Spellcasting
 + Level 2.1 Conjurations
 + Level 3.6 Fire Magic


You had 6 spell levels left.
You knew the following spells:

 Your Spells              Type           Power        Failure   Level  Hunger
a - Flame Tongue          Conj/Fire      ##...        4%          1    None
b - Throw Flame           Conj/Fire      ##....       6%          2    ##.....


Dungeon Overview and Level Annotations

Branches:
Dungeon (1/1)

Altars:
Ashenzari
Cheibriados
Dithmenos
Elyvilon
Fedhas
Gozag
Hepliaklqana
Kikubaaqudgha
Makhleb
Nemelex Xobeh
Okawaru
Qazlal
Ru
Sif Muna
Trog
Uskayaw
Vehumet
Wu Jian
Xom
Yredelemnul
Zin
The Shining One
Beogh
Jiyva
Lugonu


Message History

The deep elf mage hits you but does no damage.
Casting: Flame Tongue
Confirm with . or Enter, or press ? or * to list all spells.
Aiming: Flame Tongue
Press: ? - help, Shift-Dir - straight line, f/p - deep elf mage
Aim: a deep elf mage, wielding a dagger and wearing a chain mail The flame tongue hits the deep elf mage.
The deep elf mage is lightly wounded.
The deep elf mage hits you but does no damage.
Casting: Flame Tongue
Confirm with . or Enter, or press ? or * to list all spells.
Aiming: Flame Tongue
Press: ? - help, Shift-Dir - straight line, f/p - deep elf mage
Aim: a deep elf mage, wielding a dagger and wearing a chain mail (lightly wounded)
The flame tongue hits the deep elf mage.
The deep elf mage is lightly wounded.
The deep elf mage casts a spell at you. The bolt of magma hits you!
Ouch! That really hurt!
You die...

#_______...###########++
##########+##...........
#.?(.+)))+.##......#..#.
##########.##...........
#...........'...........
+#####'#####......#..#.
#...#)# #...........
#...#.# ####+#####++
#..Ee@# #.......#
##'#### #.......#
#..)..# #.......#
#.....# #...<...#
#....... #.......#
#........##.......#
###########.......#
#########


You could see an earth elemental and a deep elf mage.

Vanquished Creatures
  An ooze (D)
  An orc (D)
  A goblin (D)
  A bat (D)
  2 kobolds (D)
  A quokka zombie (D)
  A rat (D)
8 creatures vanquished.

Notes
Turn   | Place    | Note
-------+----------+-------------------------------------------
     0 | D        | Kidiri the Deep Elf Fire Elementalist began the quest for the Orb.
     0 | D        | Reached XP level 1. HP: 10/10 MP: 6/6
    48 | D        | Found a bloodstained altar of Trog.
    48 | D        | Found a deep blue altar of Sif Muna.
    48 | D        | Found a viscous altar of Jiyva.
    48 | D        | Found a hazy altar of Hepliaklqana.
    48 | D        | Found an opulent altar of Gozag.
    49 | D        | Found a glowing golden altar of the Shining One.
    49 | D        | Found a glowing silver altar of Zin.
    49 | D        | Found a basalt altar of Yredelemnul.
    49 | D        | Found a shimmering altar of Xom.
    49 | D        | Found an ornate altar of the Wu Jian Council.
    49 | D        | Found a sacrificial altar of Ru.
    49 | D        | Found a stormy altar of Qazlal.
    49 | D        | Found an iron altar of Okawaru.
    49 | D        | Found a sparkling altar of Nemelex Xobeh.
    49 | D        | Found a burning altar of Makhleb.
    49 | D        | Found a blossoming altar of Fedhas.
    49 | D        | Found a white marble altar of Elyvilon.
    49 | D        | Found a shadowy altar of Dithmenos.
    49 | D        | Found a snail-covered altar of Cheibriados.
    51 | D        | Found a radiant altar of Vehumet.
    51 | D        | Found a corrupted altar of Lugonu.
    51 | D        | Found a roughly hewn altar of Beogh.
    52 | D        | Found a hide-covered altar of Uskayaw.
    52 | D        | Found an ancient bone altar of Kikubaaqudgha.
    52 | D        | Found a shattered altar of Ashenzari.
    59 | D        | Became a worshipper of Vehumet
    90 | D        | Reached * piety under Vehumet
    90 | D        | Offered knowledge of Freeze by Vehumet.
    90 | D        | Reached skill level 4 in Spellcasting
    91 | D        | Reached skill level 1 in Short Blades
   178 | D        | Noticed a deep elf mage
   179 | D        | Reached XP level 2. HP: 16/16 MP: 9/9
   181 | D        | Reached ** piety under Vehumet
   183 | D        | Reached skill level 1 in Armour
   191 | D        | Learned a level 2 spell: Throw Flame
   194 | D        | Noticed an earth elemental
   199 | D        | Killed from afar by a deep elf mage

Vault maps used:
D:        pitsprint

Skill      XL: |  1  2 |
---------------+-------+-----
Dodging        | 3 |  3.2
Spellcasting   | 4 |  4.0
Short Blades   | 1 |  1.2
Conjurations   | 2 |  2.1
Armour         | 1 |  1.0
Fighting       | |  0.8
Stealth        | |  2.4
Fire Magic     | |  3.6

Action                   || total
-------------------------++-------
Melee: Dagger            ||     3
 Cast: Flame Tongue      ||    17
 Stab: Sleeping          ||     3
Armor: Robe              ||     4
Dodge: Dodged            ||     1
